[Event "NOR-ch Youth 2019"]
[Site "Skien"]
[Date "2019.11.10"]
[Round "6.23"]
[White "Kramer, Nikolai"]
[Black "Haug, Havard"]
[Result "0-1"]
[ECO "B26"]
[WhiteElo "1082"]
[BlackElo "1544"]
[Annotator "NA RC"]
[PlyCount "90"]
[EventDate "2019.11.08"]
[EventType "swiss"]
[EventCountry "NOR"]
[SourceTitle "playchess.com"]
[Source "ChessBase"]
[SourceQuality "1"]
[TimeControl "5400+30"]

1. e4 c5 2. Nc3 d6 3. g3 g6 4. Bg2 Bg7 5. d3 Nc6 6. Be3 e6 7. Qd2 Nge7 8. Bh6 O-O 9. Bxg7 Kxg7 10. f4 d5 11. Nf3 d4 12. Ne2 f5 13. O-O Qa5 14. Qxa5 Nxa5 15. Ne5 Nac6 16. Nc4 b5 17. Nd6 Ba6 18. e5 Nd5 19. Bxd5 exd5 20. h3 Nd8 21. Rf2 Nf7 22. Nxf7 Rxf7 23. Kg2 b4 24. Ng1 c4 25. dxc4 dxc4 26. Rd1 Rd8 27. Nf3 Bb7 28. Kh2 Bxf3 29. Rxf3 Rfd7 30. g4 Kf7 31. Re1 Ke6 32. Kg2 c3 33. bxc3 dxc3 34. Rfe3 Rd5 35. Kf3 Ra5 36. Ra1 Ra3 37. Re2 a5 38. Ke3 a4 39. Ree1 Rd2 40. Reb1 Rxc2 41. Rxb4 Rb2 42. Rc4 c2+ 43. Kd4 Rb1 44. Rc6+ Kd7 45. e6+ Kxc6 0-1

[Event "NOR-ch Youth 2019"]
[Site "Skien"]
[Date "2019.11.10"]
[Round "7.1"]
[White "Lund, Gunnar"]
[Black "Unhjem, Bjorn Robert Lovoll"]
[Result "1-0"]
[ECO "D00"]
[WhiteElo "2274"]
[BlackElo "1942"]
[Annotator "ChessBase"]
[PlyCount "44"]
[EventDate "2019.11.08"]
[EventType "swiss"]
[EventCountry "NOR"]
[SourceTitle "playchess.com"]
[Source "ChessBase"]
[SourceQuality "1"]
[TimeControl "5400+30"]

1. d4 Nf6 2. Bf4 d5 3. e3 c5 4. c3 Nc6 5. Nd2 Bf5 6. Qb3 Qc8 7. Ngf3 e6 8. Nh4 Bg6 9. Nxg6 hxg6 10. Be2 Nh5 11. Bg5 Bd6 12. dxc5 Bxc5 13. O-O-O d4 14. exd4 Bxd4 15. Nc4 Bc5 16. Qb5 Bf8 17. Rd8+ Qxd8 18. Bxd8 Rxd8 19. Qxb7 Ne7 20. Qb5+ Rd7 21. Nd6+ Kd8 22. Qb8+ Nc8 1-0

[Event "NOR-ch Youth 2019"]
[Site "Skien"]
[Date "2019.11.10"]
[Round "7.2"]
[White "Risting, Eivind Olav"]
[Black "Hestvik, Elias"]
[Result "1-0"]
[ECO "D45"]
[WhiteElo "2298"]
[BlackElo "1784"]
[Annotator "NA"]
[PlyCount "47"]
[EventDate "2019.11.08"]
[EventType "swiss"]
[EventCountry "NOR"]
[SourceTitle "playchess.com"]
[Source "ChessBase"]
[SourceQuality "1"]
[TimeControl "5400+30"]

1. Nf3 d5 2. c4 c6 3. e3 Nf6 4. Nc3 e6 5. b3 Be7 6. Bb2 O-O 7. Qc2 Nbd7 8. Be2 b6 9. O-O Bb7 10. d4 Qc7 11. Rfd1 $11 Rac8 12. Rac1 Rfd8 13. h3 a6 14. Bd3 c5 15. cxd5 cxd4 16. Nxd4 exd5 17. Qe2 Nc5 18. Bf5 Ra8 19. b4 Ncd7 20. Nxd5 Qd6 21. Nxe7+ Qxe7 22. Nc6 Bxc6 23. Rxc6 Qxb4 24. Rcd6 1-0

[Event "NOR-ch Youth 2019"]
[Site "Skien"]
[Date "2019.11.10"]
[Round "7.3"]
[White "Holm, Karl Oskar Magnus"]
[Black "Vestby-Ellingsen, Mads"]
[Result "0-1"]
[ECO "E81"]
[WhiteElo "1751"]
[BlackElo "2351"]
[Annotator "NA"]
[PlyCount "92"]
[EventDate "2019.11.08"]
[EventType "swiss"]
[EventCountry "NOR"]
[SourceTitle "playchess.com"]
[Source "ChessBase"]
[SourceQuality "1"]
[TimeControl "5400+30"]

1. d4 Nf6 2. c4 g6 3. Nc3 Bg7 4. e4 d6 5. f3 O-O 6. Nge2 c5 7. Be3 Nc6 8. Qd2 (8. d5 $5 Ne5 9. Ng3 $11) 8... Qa5 9. d5 Ne5 10. Ng3 e6 11. Be2 exd5 12. cxd5 a6 13. O-O $14 b5 14. h3 Re8 15. b3 h5 16. a4 b4 17. Nd1 h4 18. Nh1 Nh7 19. Nb2 f5 20. Rad1 fxe4 21. fxe4 Qd8 22. Nd3 Nxd3 23. Bxd3 Be5 24. Be2 Qe7 25. Bd3 g5 26. Nf2 Qg7 27. Qe2 Nf6 28. Ng4 Nxg4 29. hxg4 Ra7 30. Qf3 Qg6 31. Qh3 Rae7 32. Rf3 Rg7 33. Rdf1 Rd8 34. Rd1 Qe8 35. Rdf1 Qe7 36. Kh1 Qe8 37. Kg1 Qg6 38. Kh1 Re7 39. Kg1 Ree8 40. Kh1 a5 41. Kg1 Rf8 42. Kh1 Qg7 43. Kg1 Bg3 44. Rxf8+ Rxf8 45. Bf2 Rxf2 46. Rxf2 Qd4 0-1

[Event "NOR-ch Youth 2019"]
[Site "Skien"]
[Date "2019.11.10"]
[Round "7.4"]
[White "Nordquelle, Daniel"]
[Black "Fossan, Aleksander"]
[Result "1-0"]
[ECO "B27"]
[WhiteElo "2190"]
[BlackElo "2179"]
[Annotator "NA"]
[PlyCount "103"]
[EventDate "2019.11.08"]
[EventType "swiss"]
[EventCountry "NOR"]
[SourceTitle "playchess.com"]
[Source "ChessBase"]
[SourceQuality "1"]
[TimeControl "5400+30"]

1. e4 c5 2. Nf3 g6 3. c3 Bg7 4. d4 cxd4 5. cxd4 d5 6. e5 Bg4 7. Bb5+ Nd7 8. O-O e6 9. b3 Ne7 10. Ba3 O-O 11. Nbd2 a6 12. Be2 $11 Re8 13. h3 Bxf3 14. Nxf3 Nc6 15. h4 f6 16. exf6 Nxf6 17. Re1 Ne4 18. Bb2 Qb6 19. Bd3 Nd6 20. h5 Nf5 21. hxg6 hxg6 22. Bxf5 exf5 23. Ne5 Nxe5 24. dxe5 Rad8 25. Bd4 Qe6 26. Qd2 Rc8 27. f4 Bf8 28. Rac1 Ba3 29. Rxc8 Rxc8 30. Qf2 Bb4 31. Rd1 Kg7 32. Qe3 Kf7 33. Kf1 Qc6 34. Qh3 Kg8 35. Qg3 Rc7 36. Qf3 Rh7 37. Bg1 Rd7 38. Bd4 Kf7 39. Qd3 Ke6 40. Be3 Ba3 41. Rd2 Qc1+ 42. Ke2 Bb4 43. Rc2 Qe1+ 44. Kf3 Qh1 45. Rc1 Qh5+ 46. Kf2 Qh4+ 47. Kg1 Rh7 48. Qd4 Qh1+ 49. Kf2 Qh4+ 50. Kf1 Qd8 51. Qxb4 Rh1+ 52. Bg1 1-0

[Event "NOR-ch Youth 2019"]
[Site "Skien"]
[Date "2019.11.10"]
[Round "7.5"]
[White "Holand, Per Fredrik"]
[Black "Leonhardsen, Vebjorn Maanum"]
[Result "1/2-1/2"]
[ECO "A29"]
[WhiteElo "1927"]
[BlackElo "1836"]
[Annotator "NA RC"]
[PlyCount "97"]
[EventDate "2019.11.08"]
[EventType "swiss"]
[EventCountry "NOR"]
[SourceTitle "playchess.com"]
[Source "ChessBase"]
[SourceQuality "1"]
[TimeControl "5400+30"]

1. c4 e5 2. Nc3 Nf6 3. Nf3 d6 4. g3 Be7 5. Bg2 O-O 6. O-O h6 7. d3 Nc6 8. Bd2 Bg4 9. Rc1 Qd7 10. Re1 Rae8 11. Be3 Nh5 12. d4 e4 13. Nxe4 f5 14. Nc3 f4 15. Bd2 g5 16. Nd5 Bh3 17. Qc2 Bf5 18. Qd1 Bh3 19. Bc3 Bd8 20. Qc2 Bf5 21. Qd1 Be4 22. Ne5 dxe5 23. Bxe4 Qf7 24. dxe5 Nxe5 25. Bxe5 Rxe5 26. Bf3 g4 27. Bxg4 Rg5 28. Bxh5 Qxh5 29. Qd4 Rg4 30. Qd3 Bg5 31. Rcd1 c6 32. Nc3 Qf7 33. Rf1 h5 34. Ne4 Be7 35. Nd6 Bxd6 36. Qxd6 Rg6 37. Qd3 h4 38. Kg2 Qe6 39. b3 Rh6 40. Rh1 Qg4 41. Qf3 Qg5 42. Qd3 Qg4 43. h3 Qe6 44. g4 Rhf6 45. f3 Qe8 46. Rhe1 Re6 47. Rd2 Re3 48. Qd7 Qe5 49. Qd4 1/2-1/2

[Event "NOR-ch Youth 2019"]
[Site "Skien"]
[Date "2019.11.10"]
[Round "7.6"]
[White "Opseth, Oliver"]
[Black "Carlin, Tormod"]
[Result "1-0"]
[ECO "B27"]
[WhiteElo "1795"]
[BlackElo "1566"]
[Annotator "NA"]
[PlyCount "111"]
[EventDate "2019.11.08"]
[EventType "swiss"]
[EventCountry "NOR"]
[SourceTitle "playchess.com"]
[Source "ChessBase"]
[SourceQuality "1"]
[TimeControl "5400+30"]

1. e4 c5 2. Nf3 g6 3. d4 cxd4 4. Qxd4 f6 5. Bc4 Nc6 6. Qd3 Bg7 7. O-O Ne5 8. Nxe5 fxe5 9. Nc3 Nf6 10. Bg5 d6 11. Rad1 Bd7 12. Bxf6 Bxf6 13. Qd5 Rf8 14. Qxb7 Rc8 15. Bb5 Rc7 16. Qa6 Kf7 17. Nd5 Bxb5 18. Qxb5 Rxc2 19. Qb3 Rc5 20. Nc7+ d5 21. Nxd5 e6 22. Qb7+ Kg8 23. Qxa7 Qa5 24. Nxf6+ Rxf6 25. Qe7 Rf7 26. Qxe6 Qc7 27. b4 Rc6 28. Qd5 Kg7 29. a4 Rc2 30. b5 Qa7 31. Qxe5+ Kh6 32. Qd4 Qe7 33. Rd3 Rc5 34. Rh3+ Rh5 35. Rxh5+ gxh5 36. e5 Rg7 37. Qd6+ Qxd6 38. exd6 h4 39. h3 Kh5 40. Rd1 Rd7 41. b6 h6 42. b7 Rxb7 43. d7 Ra7 44. d8=Q Ra5 45. Qxa5+ Kg6 46. Qb6+ Kf5 47. Qxh6 Ke4 48. Qxh4+ Ke5 49. a5 Kf5 50. a6 Kg6 51. a7 Kf5 52. a8=B Ke6 53. Rd6+ Kf5 54. Qe4+ Kg5 55. Rg6+ Kh5 56. Qg4# 1-0

[Event "NOR-ch Youth 2019"]
[Site "Skien"]
[Date "2019.11.10"]
[Round "7.7"]
[White "Vitenberg, Noam Aviv"]
[Black "Nilsen, Tobias Lang"]
[Result "1-0"]
[ECO "D38"]
[WhiteElo "2246"]
[BlackElo "2016"]
[Annotator "NA"]
[PlyCount "103"]
[EventDate "2019.11.08"]
[EventType "swiss"]
[EventCountry "NOR"]
[SourceTitle "playchess.com"]
[Source "ChessBase"]
[SourceQuality "1"]
[TimeControl "5400+30"]

1. Nf3 Nf6 2. c4 e6 3. Nc3 d5 4. d4 Bb4 5. cxd5 exd5 6. Bg5 O-O 7. e3 h6 8. Bh4 Bf5 9. Qb3 Nc6 10. Be2 g5 11. Bg3 Ne4 $11 12. O-O Bxc3 13. bxc3 Na5 14. Qb4 b6 15. Ne5 Re8 16. Rfd1 Qe7 17. Rac1 Rac8 18. Ba6 c5 19. Qa3 Rcd8 20. Bb5 Rf8 21. Be2 Qf6 22. Nd3 Nxg3 23. hxg3 Nc4 24. Qa6 cxd4 25. cxd4 Qe7 26. Qb5 Rfe8 27. Bf1 a5 28. Qb3 Rc8 29. Nb2 Nxb2 30. Qxb2 Qd6 31. Qb5 Bd7 32. Qb3 Rxc1 33. Rxc1 Rc8 34. Rb1 Rb8 35. Bb5 Bf5 36. Bd3 Bd7 37. Be2 Bf5 38. Rb2 Be6 39. Bf3 g4 40. Bd1 h5 41. Qd3 f5 42. Rc2 Rc8 43. Rxc8+ Bxc8 44. Bb3 Be6 45. Qb5 Kf7 46. Ba4 Qd8 47. Qc6 h4 48. gxh4 Qxh4 49. Qe8+ Kg7 50. Qxe6 g3 51. fxg3 Qxg3 52. Qe5+ 1-0

[Event "NOR-ch Youth 2019"]
[Site "Skien"]
[Date "2019.11.10"]
[Round "7.8"]
[White "Gjestemoen-VonHirsch, Andre"]
[Black "Melaa, Sondre"]
[Result "0-1"]
[ECO "C45"]
[WhiteElo "1967"]
[BlackElo "2234"]
[Annotator "NA"]
[PlyCount "114"]
[EventDate "2019.11.08"]
[EventType "swiss"]
[EventCountry "NOR"]
[SourceTitle "playchess.com"]
[Source "ChessBase"]
[SourceQuality "1"]
[TimeControl "5400+30"]

1. e4 e5 2. Nf3 Nc6 3. d4 exd4 4. Nxd4 Nf6 5. Nxc6 bxc6 6. e5 Qe7 7. Qe2 Nd5 8. h4 f6 9. c4 Ba6 10. Rh3 Nb6 11. exf6 Qxe2+ 12. Bxe2 gxf6 (12... Bxc4 $11 {remains equal.} 13. fxg7 Bxg7) 13. Bh5+ Kd8 14. b3 $11 Bd6 15. Bb2 Be5 16. Bxe5 fxe5 17. Re3 d6 18. Nc3 Kc8 19. O-O-O c5 20. Rg3 Bb7 21. Rg7 Bc6 22. Bg4+ Kb7 23. Rxd6 Rag8 24. Rxc6 Rxg7 25. Bf3 Kb8 26. Ne4 Nd7 27. Nxc5 Nxc5 28. Rxc5 Re8 29. Be4 a6 30. Rc6 Ka7 31. Kd2 Rd8+ 32. Ke3 Rd1 33. b4 Re1+ 34. Kd3 Rd7+ 35. Bd5 Ra1 36. Ke4 Rxa2 37. Kxe5 Rxf2 38. Rf6 Re7+ 39. Re6 Re2+ 40. Kf6 R7xe6+ 41. Bxe6 Rxg2 42. Bf5 h6 43. Bg6 Rg4 44. h5 Rxc4 45. Kg7 Rxb4 46. Kxh6 a5 47. Kg5 a4 48. h6 a3 49. h7 Rb8 50. Bf7 Rh8 51. Kg6 Kb6 52. Kg7 Rxh7+ 53. Kxh7 Kb5 54. Kg6 c5 55. Ba2 c4 56. Kf5 c3 57. Bb1 c2 0-1

[Event "NOR-ch Youth 2019"]
[Site "Skien"]
[Date "2019.11.10"]
[Round "7.9"]
[White "Kvendseth, Thyra"]
[Black "Sjoberg, Isak"]
[Result "1/2-1/2"]
[ECO "A62"]
[WhiteElo "1868"]
[BlackElo "2247"]
[Annotator "NA"]
[PlyCount "117"]
[EventDate "2019.11.08"]
[EventType "swiss"]
[EventCountry "NOR"]
[SourceTitle "playchess.com"]
[Source "ChessBase"]
[SourceQuality "1"]
[TimeControl "5400+30"]

1. d4 Nf6 2. Nf3 c5 3. d5 e6 4. c4 exd5 5. cxd5 d6 6. Nc3 g6 7. g3 Bg7 8. Bg2 O-O 9. O-O Re8 10. Bf4 Ne4 11. Nxe4 Rxe4 12. Nd2 Rxf4 13. gxf4 Bxb2 14. Rb1 Bg7 15. Qb3 Na6 16. Nc4 Rb8 17. a4 Nb4 $11 18. e4 b6 19. Rfe1 Bh6 20. Qg3 Ba6 21. Nxd6 Qxd6 22. e5 Qf8 23. Be4 f5 24. exf6 Qxf6 25. f5 Qg5 26. fxg6 Qxg3+ 27. hxg3 hxg6 28. Bxg6 Rd8 29. Re7 Rd6 30. Bh7+ Kh8 31. Rbe1 Bd2 32. R1e5 Rxd5 33. R5e6 Bc8 34. Rf6 Rd8 35. Be4 Bc3 36. Rg6 Nd5 37. Rxa7 Nf6 38. Bc2 Be6 39. Rh6+ Kg8 40. Bh7+ Nxh7 41. Rxe6 Nf8 42. Rxb6 Bd4 43. Rc7 Ra8 44. Rb3 Rxa4 45. Rc8 c4 46. Rf3 Bg7 47. Rf4 Ra1+ 48. Kg2 c3 49. Rg4 Rc1 50. Rc7 Ne6 51. Re7 c2 52. Rc4 Re1 53. Re8+ Kf7 54. Rec8 Nd4 55. R8c7+ Re7 56. Rxc2 Nxc2 57. Rxc2 Ra7 58. Kh3 Kg6 59. Kg2 1/2-1/2

[Event "NOR-ch Youth 2019"]
[Site "Skien"]
[Date "2019.11.10"]
[Round "7.10"]
[White "Tenold, Andreas"]
[Black "Abdrlauf, Elham"]
[Result "0-1"]
[ECO "B31"]
[WhiteElo "1838"]
[BlackElo "2244"]
[Annotator "NA"]
[PlyCount "40"]
[EventDate "2019.11.08"]
[EventType "swiss"]
[EventCountry "NOR"]
[SourceTitle "playchess.com"]
[Source "ChessBase"]
[SourceQuality "1"]
[TimeControl "5400+30"]

1. e4 c5 2. Nf3 Nc6 3. Bb5 g6 4. Bxc6 bxc6 5. O-O Bg7 6. Re1 Nh6 7. c3 O-O 8. d4 cxd4 9. cxd4 f5 10. e5 Nf7 11. Nc3 e6 12. h4 h6 13. Qd2 d6 14. b3 $17 {[%emt 0:05:20] [#]} (14. exd6 $14 {stays ahead.} Qxd6 15. Qf4) 14... c5 $1 15. dxc5 dxe5 16. Bb2 e4 17. Qxd8 Rxd8 18. Nh2 Rd2 19. Rab1 Rxb2 20. Rxb2 Bxc3 0-1

[Event "NOR-ch Youth 2019"]
[Site "Skien"]
[Date "2019.11.10"]
[Round "7.11"]
[White "Shehzad, Shazil"]
[Black "Unneland, Mathias"]
[Result "1/2-1/2"]
[ECO "C07"]
[WhiteElo "2173"]
[BlackElo "2029"]
[Annotator "NA"]
[PlyCount "57"]
[EventDate "2019.11.08"]
[EventType "swiss"]
[EventCountry "NOR"]
[SourceTitle "playchess.com"]
[Source "ChessBase"]
[SourceQuality "1"]
[TimeControl "5400+30"]

1. e4 e6 2. d4 d5 3. Nd2 c5 4. Ngf3 cxd4 5. exd5 Qxd5 6. Bc4 Qd6 7. O-O Nf6 8. Nb3 Nc6 9. Nbxd4 Nxd4 10. Nxd4 Be7 11. Nb5 Qc6 12. Qe2 O-O 13. Bf4 a6 14. Nd4 Qe4 15. Qxe4 Nxe4 16. Rfe1 Nf6 17. a4 Rd8 18. c3 $11 Bd7 19. Bb3 Bc5 20. Rad1 b5 21. axb5 axb5 22. h3 b4 23. c4 Bc8 24. Nc2 Bb7 25. Be3 Ne4 26. Ba4 Bxe3 27. Nxe3 Nc5 28. Bb5 h6 29. f3 1/2-1/2

[Event "NOR-ch Youth 2019"]
[Site "Skien"]
[Date "2019.11.10"]
[Round "7.12"]
[White "Oye-Stromberg, Alexander"]
[Black "Evenshaug, Amadeus Hestvik"]
[Result "1-0"]
[ECO "B12"]
[WhiteElo "1980"]
[BlackElo "1711"]
[Annotator "NA"]
[PlyCount "45"]
[EventDate "2019.11.08"]
[EventType "swiss"]
[EventCountry "NOR"]
[SourceTitle "playchess.com"]
[Source "ChessBase"]
[SourceQuality "1"]
[TimeControl "5400+30"]

1. e4 c6 2. d4 d5 3. f3 dxe4 4. fxe4 Nf6 5. e5 Nd5 6. Nf3 Bg4 7. Be2 e6 8. O-O Be7 9. c4 Nb6 10. Nc3 O-O 11. Be3 N8d7 12. Ne4 Qc7 13. Bf4 Bf5 $16 14. Ng3 Bg6 15. h4 h6 16. Qd2 Rfd8 17. h5 Bh7 18. Rad1 Bf8 19. Bd3 Bxd3 20. Qxd3 Nb8 21. Ne4 Na6 22. Bxh6 gxh6 23. Nf6+ 1-0

[Event "NOR-ch Youth 2019"]
[Site "Skien"]
[Date "2019.11.10"]
[Round "7.13"]
[White "Eliseev, Sergey"]
[Black "Lye, Sverre"]
[Result "1/2-1/2"]
[ECO "A48"]
[WhiteElo "1911"]
[BlackElo "1779"]
[Annotator "NA"]
[PlyCount "79"]
[EventDate "2019.11.08"]
[EventType "swiss"]
[EventCountry "NOR"]
[SourceTitle "playchess.com"]
[Source "ChessBase"]
[SourceQuality "1"]
[TimeControl "5400+30"]

1. d4 Nf6 2. Nf3 g6 3. Bg5 Bg7 4. Nbd2 O-O 5. e4 d6 6. c3 Nbd7 7. Bd3 $11 c5 8. d5 Rb8 9. a4 Ne8 10. Nc4 Ndf6 11. Qd2 Bg4 12. Qf4 Bd7 13. a5 b5 14. axb6 axb6 15. Bh6 b5 16. Bxg7 Kxg7 17. Ncd2 e6 18. dxe6 Bxe6 19. O-O Nd7 20. Ra7 h6 21. b4 g5 22. Qg3 Qf6 23. e5 Nxe5 24. Nxe5 Qxe5 25. Qxe5+ dxe5 26. bxc5 Rd8 27. Bxb5 Rxd2 28. Rc1 Nf6 29. c6 Nd5 30. c4 Nb6 31. h3 Rc8 32. Rb7 Nxc4 33. Rxc4 Bxc4 34. Bxc4 Rxc6 35. Bxf7 Rc1+ 36. Kh2 Rxf2 37. Bd5+ Kg6 38. Be4+ Kf6 39. Rb6+ Kg7 40. Rg6+ 1/2-1/2

[Event "NOR-ch Youth 2019"]
[Site "Skien"]
[Date "2019.11.10"]
[Round "7.14"]
[White "Nordquelle, Amelia"]
[Black "Austad, Eirik"]
[Result "0-1"]
[ECO "E72"]
[WhiteElo "1670"]
[BlackElo "1753"]
[Annotator "NA"]
[PlyCount "72"]
[EventDate "2019.11.08"]
[EventType "swiss"]
[EventCountry "NOR"]
[SourceTitle "playchess.com"]
[Source "ChessBase"]
[SourceQuality "1"]
[TimeControl "5400+30"]

1. d4 Nf6 2. c4 g6 3. Nc3 Bg7 4. g3 O-O 5. Bg2 d6 6. e4 Na6 7. Nge2 c5 8. d5 e5 9. O-O Nc7 10. f4 exf4 11. gxf4 Nd7 12. Qd3 Rb8 13. Be3 a6 14. a4 b6 15. Rfe1 Nf6 16. h3 Nh5 17. Kh2 f5 18. Rf1 fxe4 19. Bxe4 Qh4 20. Bf2 Qe7 21. Be3 Bf5 22. Bxf5 Rxf5 23. Rae1 Re8 24. Ng3 Nxg3 25. Kxg3 Qd7 26. Kh2 Ref8 27. Ne4 Bh6 28. Qb3 b5 29. axb5 axb5 30. cxb5 Nxb5 31. Kg3 Nd4 32. Qc4 Rh5 33. Nf2 Nf5+ 34. Kf3 Nxe3 35. Kxe3 Rxf4 36. Qe2 Re5+ 0-1

[Event "NOR-ch Youth 2019"]
[Site "Skien"]
[Date "2019.11.10"]
[Round "7.15"]
[White "Kvaloy, Aksel Bu"]
[Black "Tunsjo, Axel"]
[Result "1/2-1/2"]
[ECO "B82"]
[WhiteElo "2209"]
[BlackElo "2038"]
[Annotator "NA"]
[PlyCount "49"]
[EventDate "2019.11.08"]
[EventType "swiss"]
[EventCountry "NOR"]
[SourceTitle "playchess.com"]
[Source "ChessBase"]
[SourceQuality "1"]
[TimeControl "5400+30"]

1. e4 c5 2. Nf3 e6 3. d4 cxd4 4. Nxd4 Nc6 5. Nc3 Qc7 6. Be3 a6 7. a3 Nf6 8. f4 d6 9. Qf3 Bd7 10. O-O-O Nxd4 (10... Rc8 $11 {keeps the balance.}) 11. Bxd4 $16 Be7 12. Rg1 h5 13. h3 h4 14. g4 e5 15. Be3 Rc8 16. Qf2 Bc6 17. Bb6 Qb8 18. fxe5 dxe5 19. Bc4 Rf8 20. Rgf1 Bxe4 21. Bxf7+ Kxf7 22. Nxe4 Kg8 23. Qe2 Rc6 24. Nxf6+ Bxf6 25. Be3 1/2-1/2

[Event "NOR-ch Youth 2019"]
[Site "Skien"]
[Date "2019.11.10"]
[Round "7.16"]
[White "Olsen, William Alexander"]
[Black "Rekdal, Yngve Mahle"]
[Result "1-0"]
[ECO "E18"]
[WhiteElo "1842"]
[BlackElo "1213"]
[Annotator "NA"]
[PlyCount "61"]
[EventDate "2019.11.08"]
[EventType "swiss"]
[EventCountry "NOR"]
[SourceTitle "playchess.com"]
[Source "ChessBase"]
[SourceQuality "1"]
[TimeControl "5400+30"]

1. Nf3 d5 2. c4 e6 3. g3 Nf6 4. Bg2 Be7 5. O-O O-O 6. d4 b6 7. Nc3 Bb7 8. Ne5 Nbd7 9. Bf4 c5 10. cxd5 exd5 11. dxc5 Nxc5 12. Rc1 Ne6 13. Qb3 Nxf4 14. gxf4 Rb8 15. Rfd1 d4 ({Better is} 15... Bd6 $14) 16. Bxb7 Rxb7 $16 17. e3 Bc5 18. Ne2 Ne4 19. Qc2 Nxf2 20. Kxf2 Qh4+ 21. Kg2 dxe3 22. Rf1 f6 23. Qc4+ Kh8 24. Nf3 Qg4+ 25. Ng3 Bd6 26. f5 Bf4 27. Qe4 Rd7 28. Rc4 Rfd8 29. Qxf4 Qxf4 30. Rxf4 Rd2+ 31. Nxd2 1-0

[Event "NOR-ch Youth 2019"]
[Site "Skien"]
[Date "2019.11.10"]
[Round "7.18"]
[White "Digernes, Mikael"]
[Black "Steensen, Oskar"]
[Result "0-1"]
[ECO "C55"]
[WhiteElo "1715"]
[BlackElo "1457"]
[Annotator "NA"]
[PlyCount "120"]
[EventDate "2019.11.08"]
[EventType "swiss"]
[EventCountry "NOR"]
[SourceTitle "playchess.com"]
[Source "ChessBase"]
[SourceQuality "1"]
[TimeControl "5400+30"]

1. e4 e5 2. Nf3 Nc6 3. Bc4 Nf6 4. d3 Be7 5. O-O O-O 6. c3 d5 7. exd5 Nxd5 8. Re1 Bf6 9. Nbd2 Bf5 10. Ne4 Nb6 11. Bb3 h6 12. Be3 Bxe4 13. dxe4 Qxd1 14. Raxd1 Rad8 15. Bd5 Na5 16. b4 Nxd5 17. exd5 Nc4 18. Bc5 Rfe8 19. Re4 b5 20. Ne1 Be7 21. Nc2 c6 22. Ne3 Bxc5 23. bxc5 Nxe3 24. Rxe3 Rxd5 25. Rxd5 cxd5 26. Rd3 Rd8 27. g3 f6 28. c6 a6 29. c7 Rc8 30. Rxd5 Rxc7 31. a4 bxa4 32. Ra5 Rxc3 33. Rxa4 Rc6 34. Kg2 Kh7 35. h4 g5 36. hxg5 hxg5 37. g4 Kg6 38. Ra5 Kf7 39. Kf3 Ke6 40. Ke4 Kd6 41. f3 Kc7 42. Kd5 Rb6 43. Kc4 Kb7 44. Rd5 Rc6+ 45. Kb4 Kb6 46. Ka4 a5 47. Rb5+ Kc7 48. Rxa5 Rc3 49. Ra7+ Kd6 50. Kb4 Rxf3 51. Ra6+ Ke7 52. Kc5 Rf4 53. Ra7+ Ke6 54. Ra6+ Kf7 55. Kd6 Rxg4 56. Ra7+ Kg6 57. Ke6 Rf4 58. Ra8 Kh5 59. Rh8+ Kg4 60. Rg8 e4 {[%emt 0:00:06] Ke5 e3+} 0-1

[Event "NOR-ch Youth 2019"]
[Site "Skien"]
[Date "2019.11.10"]
[Round "7.19"]
[White "Kierulf, Villum Brevick"]
[Black "Khoo-Thwe, Louis"]
[Result "1/2-1/2"]
[ECO "D05"]
[WhiteElo "1373"]
[BlackElo "1660"]
[Annotator "NA"]
[PlyCount "61"]
[EventDate "2019.11.08"]
[EventType "swiss"]
[EventCountry "NOR"]
[SourceTitle "playchess.com"]
[Source "ChessBase"]
[SourceQuality "1"]
[TimeControl "5400+30"]

1. Nf3 Nf6 2. d4 e6 3. e3 b6 4. Bd3 Bb7 5. Nbd2 d5 6. O-O Bd6 7. b3 c5 8. Bb2 Nc6 9. a3 O-O 10. Ne5 Bxe5 11. dxe5 Nd7 12. f4 a6 13. c4 dxc4 14. Nxc4 Na5 15. Nxa5 bxa5 16. Qc2 g6 17. Rfd1 Qc7 18. Rac1 Rac8 19. b4 axb4 20. axb4 Qd8 21. bxc5 Rxc5 22. Qe2 Rxc1 23. Rxc1 Qa8 24. Bd4 Rc8 25. Rb1 Nc5 26. Bxc5 Rxc5 27. Qb2 Rc7 28. Qb6 Rd7 29. Bf1 Kg7 30. Rb2 Qc8 31. Qb3 1/2-1/2

[Event "NOR-ch Youth 2019"]
[Site "Skien"]
[Date "2019.11.10"]
[Round "7.20"]
[White "Salte, Hakon"]
[Black "Brattgjerd, Isak Vinh"]
[Result "0-1"]
[ECO "B23"]
[WhiteElo "1285"]
[BlackElo "1699"]
[Annotator "NA"]
[PlyCount "82"]
[EventDate "2019.11.08"]
[EventType "swiss"]
[EventCountry "NOR"]
[SourceTitle "playchess.com"]
[Source "ChessBase"]
[SourceQuality "1"]
[TimeControl "5400+30"]

1. e4 c5 2. Nc3 a6 3. a4 d6 4. g3 Nf6 5. Bg2 Nc6 6. d3 e6 7. f4 d5 8. e5 Nd7 9. Nf3 Be7 10. O-O Rb8 11. Bd2 b5 12. axb5 axb5 13. Ne2 Bb7 14. d4 c4 15. c3 Na5 16. Nc1 Qb6 17. b4 cxb3 18. Nxb3 Nc4 19. Qe2 Rc8 20. Rfc1 Ba6 21. Bf1 Ra8 22. Qe1 O-O 23. Be3 Rfb8 24. Bxc4 bxc4 25. Nbd2 Qc6 26. Rcb1 Nb6 27. g4 g6 28. g5 Bb5 29. h4 Ba4 30. Rc1 Bb3 31. Rab1 Na4 32. Qg3 Ba3 33. Rf1 Nxc3 34. Rbe1 Bc2 35. Qh2 Ne4 36. Nxe4 Bxe4 37. h5 c3 38. hxg6 fxg6 39. Qh6 Bf8 40. Qh4 Ra2 41. Nh2 Rg2+ 0-1

[Event "NOR-ch Youth 2019"]
[Site "Skien"]
[Date "2019.11.10"]
[Round "7.21"]
[White "Furulund, Eirik Eikeland"]
[Black "Ostensen, Nicolai Maxime"]
[Result "1/2-1/2"]
[ECO "B08"]
[WhiteElo "1125"]
[BlackElo "1691"]
[Annotator "NA"]
[PlyCount "132"]
[EventDate "2019.11.08"]
[EventType "swiss"]
[EventCountry "NOR"]
[SourceTitle "playchess.com"]
[Source "ChessBase"]
[SourceQuality "1"]
[TimeControl "5400+30"]

1. e4 d6 2. d4 Nf6 3. Nc3 g6 4. Bc4 Bg7 5. Nf3 O-O 6. O-O Bg4 7. h3 Bxf3 8. Qxf3 Nbd7 9. Be3 c6 10. Rad1 b5 11. Be2 Re8 12. Bf4 b4 13. Nb1 Nh5 14. Bc4 Nb6 15. Bb3 Nxf4 16. Qxf4 e6 17. c3 bxc3 18. Nxc3 d5 19. e5 Rc8 20. Na4 Nxa4 21. Bxa4 Qa5 22. Bb3 c5 23. dxc5 Rxc5 24. Qa4 Qxa4 25. Bxa4 Rec8 26. f4 Kf8 27. Bb3 Ke7 28. Kf2 a5 29. a3 Rb8 30. Rd3 Rcb5 31. Bd1 Rxb2+ 32. Ke3 Rxg2 33. Rf2 Rxf2 34. Kxf2 Rb2+ 35. Kg3 h6 36. Bf3 g5 37. fxg5 hxg5 38. Re3 d4 39. Rd3 Bxe5+ 40. Kg4 f6 41. h4 gxh4 42. Kxh4 Kd6 43. Kg4 Rc2 44. Rb3 Rc3 45. Rb6+ Kd7 46. Rb7+ Bc7 47. a4 d3 48. Rb1 Rc4+ 49. Kh3 Rxa4 50. Bd1 Ra3 51. Rb3 Rxb3 52. Bxb3 Kd6 53. Kg3 Kc5+ 54. Kf3 Kd4 55. Bd1 Kc3 56. Ke3 Bb6+ 57. Kf3 Kd2 58. Ba4 Kc1 59. Bb3 d2 60. Ke2 f5 61. Ba4 e5 62. Bb3 e4 63. Ba4 f4 64. Bb3 f3+ 65. Kf1 d1=Q+ 66. Bxd1 Kxd1 {[%emt 0:00:03] Ke1+} 1/2-1/2